 Dungeon Crawl Stone Soup version 0.29.1-13-g9f3cf754e1 (webtiles) character file.

Game seed: 12962815823344412792

1208 wolfrpgdude the Trooper (level 8, -5/77 HPs)
             Began as a Grey Draconian Fighter on Feb 10, 2023.
             Was a Priest of Trog.
             Killed by divine providence
             ... invoked by an orc priest
              (16 damage)
             ... on level 6 of the Dungeon.
             The game lasted 00:10:51 (5690 turns).

wolfrpgdude the Trooper (Grey Draconian Fighter)    Turns: 5690, Time: 00:10:52

Health: -5/77      AC: 14    Str: 21    XL:     8   Next: 21%
Magic:  8/8        EV: 13    Int:  9    God:    Trog [***...]
Gold:   343        SH:  0    Dex: 10    Spells: 7/7 levels left

rFire   . . .      SeeInvis .   n - +4 flail
rCold   . . .      Faith    .   b - +0 buckler
rNeg    . . .      Spirit   .   (body armour unavailable)
rPois   .          Reflect  .   (helmet restricted)
rElec   .          Harm     .   t - +0 cloak
rCorr   +          Rampage  .   (no gloves)
Will    .....                   d - +1 pair of boots
Stlth   +.........              s - amulet of magic regeneration
HPRegen 0.22/turn               g - ring of resist corrosion
MPRegen 0.51/turn               l - ring of resist corrosion

@: confused, on berserk cooldown, slowed, unable to read, very slow
A: AC +11, amphibious, unfitting armour, cold-blooded, horns 1, robust 1,
inability to read after injury 1
a: Renounce Religion, Berserk, Trog's Hand


You were on level 6 of the Dungeon.
You worshipped Trog.
Trog was most pleased with you.
You visited 1 branch of the dungeon, and saw 7 of its levels.

You collected 343 gold pieces.

Inventory:

Hand Weapons
 a - a +0 spectral long sword
 j - a +0 arbalest
 n - a +4 flail (weapon)
 z - a +3 dagger of draining
Armour
 b - a +0 buckler (worn)
 d - a +1 pair of boots (worn)
 h - +0 pearl dragon scales
 t - a +0 cloak (worn)
Jewellery
 g - a ring of resist corrosion (left hand)
 l - a ring of resist corrosion (right hand)
 q - a ring of flight
 s - an amulet of magic regeneration (around neck)
Wands
 B - a wand of light (13)
Scrolls
 f - 4 scrolls of teleportation
 i - 2 scrolls of vulnerability
 p - 2 scrolls of noise {unknown}
 r - a scroll of summoning {unknown}
 u - a scroll of silence {unknown}
 w - a scroll of immolation {unknown}
 x - a scroll of identify
 y - a scroll of fog {unknown}
Potions
 c - a potion of might
 e - 2 potions of magic
 k - a potion of brilliance
 m - a potion of haste
 o - 2 potions of lignification {unknown}
 v - a potion of berserk rage {unknown}
 A - a potion of attraction {unknown}


   Skills:
 + Level 6.3 Fighting
 + Level 5.2 Long Blades
 + Level 5.2 Dodging
 + Level 5.7 Shields


You had 7 spell levels left.
You didn't know any spells.
Your spell library was empty.

Dungeon Overview and Level Annotations

Branches:
Dungeon (7/15)             Temple (0/1) D:5

Altars:
Ashenzari
Gozag
Makhleb
Okawaru
Ru
Sif Muna
Trog
Uskayaw
Zin

Shops:
D:2 :


Innate Abilities, Weirdness & Mutations

Your dull iron-grey scales are very hard. (AC +11)
You are amphibious.
You cannot fit into any form of body armour.
You are cold-blooded and may be slowed by cold attacks.
You have a pair of small horns on your head.
You are robust. (+10% HP)
You occasionally lose the ability to read scrolls when taking damage.


Message History

The orc priest begins to cast a cantrip, but forgets the words!
You sock the orc warrior!
You kill the orc warrior!
Trog accepts your kill.
You are no longer berserk.
You are exhausted.
You feel yourself slow down.
The orc wizard points at you and mumbles some strange words.
The magic dart hits you. The orc hits you but does no damage.
The orc priest calls down the wrath of Beogh upon you.
Beogh smites you!
You hit the orc priest.
The orc priest is moderately wounded.
The orc wizard hits you but does no damage.
The orc barely misses you.
The orc priest hits you with a +0 trident.
The orc wizard hits you but does no damage.
The orc hits you but does no damage.
The orc priest hits you but does no damage.
You sock the orc wizard!
The orc wizard is almost dead.
The orc wizard barely misses you. The orc hits you with a +0 hand axe.
The orc priest hits you but does no damage.
The orc wizard hits you with a +0 dagger.
* * * LOW HITPOINT WARNING * * *
The orc hits you but does no damage.
The orc priest hits you but does no damage.
The orc barely misses you.
The orc priest hits you from afar with a +0 trident.
* * * LOW HITPOINT WARNING * * *
The orc wizard points at you and mumbles some strange words.
You resist with some effort.
The orc wizard gestures at you while chanting.
The magic dart hits you!
* * * LOW HITPOINT WARNING * * *
The orc barely misses you.
The orc priest mumbles some strange prayers to Beogh against you.
Beogh smites you!
You feel threatened and lose the ability to read scrolls!
You die...

..........#..........#..####.....
..........#.<........##..##......
.....................##.......#..
..........#..................##..
...................#..#.........#
...................#####........#
..........##.....).#####.:....#..
.....................##.......#..
................@....##.......#.#
......<.......o.o##..##.........#
.#............o..##.............#
.....|........>.##..#............
.............##..##.##.........##
...#........###..#...#..........#
............###.....#............
.#...........###.##.#............
.#..................#............


You could see an orc priest, an orc wizard and an orc.

Vanquished Creatures
  An orc warrior (D:6)
  An ice beast (D:6)
  2 ogres (D:5)
  A centaur (D:6)
  2 scorpions (D:5)
  A necrophage (D:6)
  A gnoll sergeant (D:6)
  2 hounds
  2 jellies
  An orc priest (D:6)
  A gnoll bouda (D:5)
  4 iguanas
  An orc wizard (D:6)
  8 gnolls
  8 adders
  An ufetubus (D:4)
  A worm (D:4)
  2 dart slugs (D:3)
  12 orcs
  7 ball pythons
  5 endoplasms
  5 giant cockroaches
  5 goblins
  3 hobgoblins (D:3)
  3 kobolds
  5 quokkas
  A bat (D:3)
  5 frilled lizards
  6 rats
97 creatures vanquished.

Notes
Turn   | Place    | Note
-------+----------+-------------------------------------------
     0 | D:1      | wolfrpgdude the Draconian Fighter began the quest for the
                  | Orb.
     0 | D:1      | Reached XP level 1. HP: 19/19 MP: 1/1
    53 | D:1      | Found a faded altar of an unknown god.
    81 | D:1      | Prayed at the altar of an unknown god.
    81 | D:1      | Became a worshipper of Trog the Wrathful
    81 | D:1      | Reached * piety under Trog
   161 | D:1      | Reached XP level 2. HP: 26/26 MP: 2/2
   742 | D:2      | Reached XP level 3. HP: 33/33 MP: 3/3
   825 | D:2      | Reached ** piety under Trog
  1073 | D:2      | Found Zuejar's Book Shoppe.
  1446 | D:2      | Reached XP level 4. HP: 40/40 MP: 4/4
  1767 | D:3      | Reached skill level 4 in Fighting
  2407 | D:3      | Reached XP level 5. HP: 46/46 MP: 5/5
  2524 | D:3      | Found a broken altar of Ashenzari.
  2769 | D:4      | Gained mutation: You are strong-willed. (Will+) [potion of
                  | mutation]
  3055 | D:4      | Found an opulent altar of Gozag.
  3056 | D:4      | Found an iron altar of Okawaru.
  3059 | D:4      | Found a glowing silver altar of Zin.
  3062 | D:4      | Found a sacrificial altar of Ru.
  3063 | D:4      | Found a burning altar of Makhleb.
  3174 | D:4      | Noticed a black bear
  3212 | D:5      | Entered Level 5 of the Dungeon
  3401 | D:5      | Found a staircase to the Ecumenical Temple.
  3578 | D:5      | Reached XP level 6. HP: 52/53 MP: 6/6
  3785 | D:5      | Reached *** piety under Trog
  3786 | D:5      | Reached skill level 5 in Fighting
  4025 | D:5      | Your scales start taking on a dull iron-grey colour.
  4025 | D:5      | Reached XP level 7. HP: 29/61 MP: 7/7
  4444 | D:6      | Reached skill level 5 in Shields
  4456 | D:6      | Found a shimmering blue altar of Sif Muna.
  4898 | D:6      | Reached skill level 6 in Fighting
  4921 | D:6      | Reached skill level 5 in Dodging
  4934 | D:6      | Reached skill level 5 in Long Blades
  4934 | D:6      | Reached XP level 8. HP: 67/70 MP: 8/8
  4955 | D:6      | Found a hide-covered altar of Uskayaw.
  4955 | D:6      | HP: 3/70 [gnoll/+0 spear[a gnoll sergeant] (4)]
  5557 | D:6      | Lost mutation: You are strong-willed. (Will+) [potion of
                  | mutation]
  5557 | D:6      | Gained mutation: You occasionally lose the ability to read
                  | scrolls when taking damage. [potion of mutation]
  5557 | D:6      | Gained mutation: You are robust. (+10% HP) [potion of
                  | mutation]
  5557 | D:6      | Gained mutation: You have a pair of small horns on your
                  | head. [potion of mutation]
  5690 | D:6      | Killed from afar by an orc priest

Illustrated notes

Levels and vault maps discovered:
D:1:      amcnicky_arrival_wind_blow, layout_rooms,
          hellmonk_ecumenical_altar_arch_garden, serial_curves, eino_curves_04,
          eino_curves_01
D:2:      layout_basic, serial_shops, nicolae_shop_behind_doors
D:3:      layout_basic, old_standard_altar
D:4:      layout_rooms, grunt_temple_overflow_open, cheibrodos_sewer_entry_bend
D:5:      layout_loops_cross, minmay_temple_entry_gardened_gates,
          serial_bayou_pond_a
D:6:      layout_cave_pools, lemuel_tele_altar, mainiacjoe_overflow_brackets
D:7:      layout_layer_cave, yredelemnul_altar_generic, minmay_misc_feat_doors

Skill      XL: |  1  2  3  4  5  6  7 |
---------------+----------------------+-----
Dodging        | 3 4 5 |  5.2
Fighting       | 4 5 6 |  6.3
Long Blades    | 3 4 5 |  5.2
Shields        | 4 5 |  5.7

Action                   |  1- 3 |  4- 6 |  7- 9 || total
-------------------------+-------+-------+-------++-------
Melee: Long sword        |    80 |    22 |       ||   102
       Tailslap          |    10 |    15 |    14 ||    39
       Flail             |       |    81 |   111 ||   192
Invok: Berserk           |       |       |     2 ||     2
  Use: Scroll            |     1 |     8 |       ||     9
       Potion            |       |     3 |     2 ||     5
 Stab: Sleeping          |       |     1 |       ||     1
Armor: Skin              |    23 |    27 |    72 ||   122
Dodge: Dodged            |    41 |    78 |   109 ||   228
Block: Buckler           |    21 |    21 |    33 ||    75
